 Dungeon Sprint DCSS version 0.30.1-9-gdf580d7c3d (webtiles) character file.

Game seed: 4935815555907786581

888 Heoruswealwe the Spear-Bearer (level 7, 0/73 HPs)
             Began as a Minotaur Fighter on Sept 29, 2023.
             Was an Initiate of Gozag.
             Slain by a skeletal warrior
             ... wielding a +0 flail
              (17 damage)
             ... in the Dungeon (Sprint IX: "|||||||||||||||||||||||||||||").
             The game lasted 00:04:45 (399 turns).

Heoruswealwe the Spear-Bearer (Minotaur Fighter)     Turns: 399, Time: 00:04:45

Health: 0/73       AC: 15    Str: 23    XL:     7   Next: 77%
Magic:  6/6        EV:  9    Int:  5    God:    Gozag
Gold:   369        SH:  0    Dex:  9    Spells: 6/6 levels left

rFire   . . .        b - +2 halberd (venom)
rCold   . . .        (shield currently unavailable)
rNeg    . . .        c - +0 chain mail
rPois   .            (helmet restricted)
rElec   .            h - +0 cloak
rCorr   .            (no gloves)
SInv    .            (no boots)
Will    .....        (no amulet) Stlth
                     k - +2 ring of protection
HPRegen 0.32/turn    (no ring)
MPRegen 0.10/turn

%: no teleportation
@: slowed, very slow
A: horns 2, retaliatory headbutt
a: Renounce Religion, Potion Petition, Call Merchant, Bribe Branch


You were in the Dungeon.
You worshipped Gozag.
Gozag was aware of your devotion.
You visited 1 branch You collected 369 gold pieces.

Inventory:

Hand Weapons
 a - a +0 trident
 b - a +2 halberd of venom (weapon)
Armour
 c - a +0 chain mail (worn)
 d - a +0 buckler
 h - a +0 cloak (worn)
Jewellery
 k - a +2 ring of protection (left hand)
Wands
 l - a wand of roots (10)
Scrolls
 j - 2 scrolls of blinking
Potions
 f - a potion of curing
 g - a potion of haste
 i - a potion of berserk rage
 m - a potion of might


   Skills:
 + Level 10.9 Fighting
 * Level 14.4 Polearms
 + Level 10.9 Armour
 - Level 3.6 Shields


You had 6 spell levels left.
You didn't know any spells.
Your spell library was empty.

Dungeon Overview and Level Annotations

Branches:
Dungeon (1/1)

Altars:
Cheibriados
Dithmenos
Elyvilon
Fedhas
Gozag
Hepliaklqana
Kikubaaqudgha
Makhleb
Nemelex Xobeh
Okawaru
Qazlal
Ru
Sif Muna
Trog
Uskayaw
Vehumet
Wu Jian
Xom
Yredelemnul
Zin
The Shining One
Jiyva
Lugonu


Innate Abilities, Weirdness & Mutations

You have a pair of horns on your head.
You reflexively headbutt those who attack you in melee.


Message History

You destroy the wraith!
Your Polearms skill increases to level 14!
You barely miss the basilisk.
The basilisk bites you but does no damage.
You hit the basilisk.
The basilisk is lightly wounded.
The basilisk closely misses you.
You slice the basilisk!!
The basilisk looks as sick as possible!
The basilisk is severely wounded.
The orc wizard casts a spell.
The orc wizard flickers and vanishes!
The basilisk barely misses you. The basilisk gazes at you.
You resist with significant effort.
You slash the basilisk!
You kill the basilisk!
You hit the skeletal warrior.
The skeletal warrior is lightly damaged.
The skeletal warrior hits you with a +0 flail!
You hit the skeletal warrior but do no damage.
The skeletal warrior is lightly damaged.
The skeletal warrior hits you with a +0 flail!
You hit the skeletal warrior but do no damage.
The skeletal warrior is lightly damaged.
The skeletal warrior hits you with a +0 flail.
You hit the skeletal warrior but do no damage.
The skeletal warrior is lightly damaged.
The skeletal warrior hits you with a +0 flail.
The skeletal warrior barely misses you.
You hit the skeletal warrior but do no damage.
The skeletal warrior is lightly damaged.
The skeletal warrior hits you with a +0 flail.
* * * LOW HITPOINT WARNING * * *
You hit the skeletal warrior.
The skeletal warrior is lightly damaged.
The skeletal warrior hits you with a +0 flail!
* * * LOW HITPOINT WARNING * * *
You feel better.
The skeletal warrior hits you with a +0 flail!
You die...
Your body crumbles into a pile of gold. $$$$$ $ $ $ $$$$$ $ $$ ▓▓▓▓▓▓▓▓▓▓▓▓▓▓▓▓▓▓▓▓▓▓▓▓ ...{{uz@.....[...[[=)?!' ▓▓▓▓▓▓▓▓▓▓▓▓▓▓▓▓▓▓▓▓▓▓▓▓

You could see a brown ugly thing and a skeletal warrior.

Vanquished Creatures
  A wraith (D)
  A basilisk (D)
  An acid dragon (D)
  2 orc warriors (D)
  An ogre (D)
  2 scorpions (D)
  A killer bee (D)
  2 orc wizards (D)
  2 adders (D)
  An endoplasm (D)
  A quokka (D)
  3 kobolds (D)
18 creatures vanquished.

Notes
Turn   | Place    | Note
-------+----------+-------------------------------------------
     0 | D        | Heoruswealwe the Minotaur Fighter began the quest for the
                  | Orb.
     0 | D        | Reached XP level 1. HP: 19/19 MP: 0/0
     6 | D        | Reached skill level 3 in Polearms
    30 | D        | Noticed a scorpion
    30 | D        | Noticed an ogre
    30 | D        | Noticed a scorpion
    33 | D        | Reached skill level 4 in Polearms
    33 | D        | Reached XP level 2. HP: 26/28 MP: 1/1
    39 | D        | Killed a scorpion
    40 | D        | Reached skill level 7 in Polearms
    40 | D        | Reached XP level 3. HP: 28/37 MP: 2/2
    40 | D        | Reached XP level 4. HP: 33/44 MP: 3/3
    46 | D        | Killed an ogre
    47 | D        | Reached skill level 9 in Polearms
    47 | D        | Reached XP level 5. HP: 23/52 MP: 4/4
    49 | D        | Reached skill level 10 in Polearms
    55 | D        | Found a snail-covered altar of Cheibriados.
    55 | D        | Found a shadowy altar of Dithmenos.
    55 | D        | Found a white marble altar of Elyvilon.
    55 | D        | Found a blossoming altar of Fedhas.
    55 | D        | Found an opulent altar of Gozag.
    56 | D        | Found a hazy altar of Hepliaklqana.
    57 | D        | Found a viscous altar of Jiyva.
    58 | D        | Found an ancient bone altar of Kikubaaqudgha.
    59 | D        | Found a corrupted altar of Lugonu.
    60 | D        | Found a burning altar of Makhleb.
    61 | D        | Found a sparkling altar of Nemelex Xobeh.
    62 | D        | Found an iron altar of Okawaru.
    63 | D        | Became a worshipper of Gozag Ym Sagoz the Greedy
    64 | D        | Found a stormy altar of Qazlal.
    65 | D        | Found a sacrificial altar of Ru.
    66 | D        | Found a shimmering blue altar of Sif Muna.
    67 | D        | Found a bloodstained altar of Trog.
    68 | D        | Found a hide-covered altar of Uskayaw.
    69 | D        | Found a radiant altar of Vehumet.
    70 | D        | Found an ornate altar of the Wu Jian Council.
    71 | D        | Found a shimmering altar of Xom.
    72 | D        | Found a basalt altar of Yredelemnul.
    73 | D        | Found a glowing silver altar of Zin.
    74 | D        | Found a glowing golden altar of the Shining One.
   155 | D        | Noticed an orc warrior
   155 | D        | Noticed an orc warrior
   155 | D        | Noticed an acid dragon
   163 | D        | Reached skill level 11 in Polearms
   163 | D        | Reached XP level 6. HP: 29/62 MP: 5/5
   173 | D        | Killed an acid dragon
   174 | D        | Reached skill level 12 in Polearms
   179 | D        | Killed an orc warrior
   186 | D        | Killed an orc warrior
   187 | D        | Reached skill level 10 in Fighting
   187 | D        | Reached skill level 13 in Polearms
   187 | D        | Reached skill level 10 in Armour
   187 | D        | Reached XP level 7. HP: 8/72 MP: 6/6
   381 | D        | Noticed a brown ugly thing
   381 | D        | Noticed a shadow
   381 | D        | Noticed a skeletal warrior
   381 | D        | Noticed a basilisk
   381 | D        | Noticed a wraith
   388 | D        | Killed a wraith
   389 | D        | Reached skill level 14 in Polearms
   392 | D        | Killed a basilisk
   399 | D        | Slain by a skeletal warrior

Illustrated notes

Levels and vault maps discovered:
D:        linesprint [early_d, line_temple, items_1, d_10, items_2, lair_1,
          lair_end, items_3, orc_1, orc_end, items_4, d_15, swamp_1, shoals_1,
          snake_1, spider_1, d_20, vaults_1, items_5, swamp_end, shoals_end,
          snake_end, spider_end, vaults_end, d_27, items_6, zot_1, zot_end,
          crypt_end, forest_end, elf_end, slime_end, tomb_end, abyss_end,
          pan_hell_end]

Skill      XL: |  1  2  3  4  5  6  7 |
---------------+----------------------+-----
Polearms       | 4 7 9 11 13 14 | 14.4
Fighting       | 4 6 7 8 10 | 10.9
Armour         | 4 6 7 8 10 | 10.9
Shields        | |  3.6

Action                     |  1- 3 |  4- 6 |  7- 9 || total
---------------------------+-------+-------+-------++-------
  Melee: Trident           |    16 |     8 |       ||    24
         Headbutt          |     3 |     4 |     2 ||     9
         Halberd           |       |    28 |    23 ||    51
    Use: Potion            |     1 |     4 |     2 ||     7
 Armour: Scale mail        |     3 |     9 |     4 ||    16
         Chain mail        |       |       |     3 ||     3
  Dodge: Dodged            |     5 |    17 |     5 ||    27
  Block: Buckler           |     3 |       |       ||     3
